 Dungeon Crawl Stone Soup version 0.29.0-13-gc9e81de378 (webtiles) character file.

Game seed: 13269742126805362171

128 raistware the Conjurer (level 5, -7/31 HPs)
             Began as an Octopode Conjurer on Sept 9, 2022.
             Mangled by an orc
             ... wielding a +0 mace
              (8 damage)
             ... on level 3 of the Dungeon.
             The game lasted 00:05:36 (2899 turns).

raistware the Conjurer (Octopode Conjurer)          Turns: 2899, Time: 00:05:36

Health: -7/31      AC:  1    Str:  7    XL:     5   Next: 12%
Magic:  11/11      EV: 13    Int: 22    God:
Gold:   188        SH:  0    Dex: 10    Spells: 11/12 levels left

rFire   . . .      SeeInvis .   (no weapon)
rCold   . . .      Faith    .   (no shield)
rNeg    . . .      Spirit   .   (helmet restricted)
rPois   .          Reflect  .   (no amulet)
rElec   .          Harm     .   (no ring)
rCorr   .          Rampage  .   (no ring)
Will    .....                   (no ring)
Stlth   +++.......              (no ring)
HPRegen 0.10/turn               (no ring)
MPRegen 0.12/turn               (no ring)
                                (no ring)
                                (no ring)

@: hasted, very quick
A: almost no armour, amphibious, 8 rings, camouflage 1, gelatinous body 1,
(nimble swimmer 1), tentacles
a: no special abilities


You were on level 3 of the Dungeon.
You visited 1 branch of the dungeon, and saw 3 of its levels.

You collected 188 gold pieces.

Inventory:

Missiles
 g - 3 poisoned darts
Armour
 b - a +0 buckler
Jewellery
 n - a ring of fire
Scrolls
 e - a scroll of magic mapping {unknown}
 h - 2 scrolls of fear {unknown}
 i - a scroll of vulnerability {unknown}
 k - a scroll of identify {unknown}
 p - a scroll of poison {unknown}
 q - a scroll of amnesia {unknown}
 s - a scroll of enchant weapon {unknown}
 t - a scroll of summoning {unknown}
Potions
 c - a potion of haste
 d - a potion of mutation {unknown}
 f - a potion of degeneration {unknown}
 j - a potion of berserk rage {unknown}
 l - a potion of curing {unknown}
 o - 2 potions of lignification {unknown}


   Skills:
 - Level 2.0 Dodging
 - Level 3.0 Stealth
 + Level 4.3 Spellcasting
 + Level 4.4 Conjurations


You had 11 spell levels left.
You knew the following spells:

 Your Spells              Type           Power      Damage    Failure   Level
a - Magic Dart            Conj           96%        1d7       1%          1

Your spell library contained the following spells:

 Spells                   Type           Power      Damage    Failure   Level
 Searing Ray              Conj           48%        2d6       2%          2
 Dazzling Flash           Conj/Hex       28%        N/A       13%         3
 Fulminant Prism          Conj/Hex       7%         3d7       41%         4
 Iskenderun's Mystic Bla  Conj/Tloc      14%        2d5       41%         4


Dungeon Overview and Level Annotations

Branches:
Dungeon (3/15)

Altars:
Ru

Annotations:
D:2 Terence


Innate Abilities, Weirdness & Mutations

You cannot wear most types of armour.
You are amphibious.
You can wear up to eight rings at the same time.
Your skin changes colour to match your surroundings (Stealth+).
Your rubbery body absorbs attacks. (AC +1, EV +1)
((You are camouflaged when in or above water. (Stealth+)))
You have tentacles for arms and can constrict up to eight enemies at once.


Message History

Press: ? - help, Shift-Dir - straight line, f/p - orc wizard
Aim: an orc wizard, wielding a +0 dagger and wearing a +0 robe (moderately wounded, 100% to hit)
The magic dart hits the orc wizard.
The orc wizard is heavily wounded.
The orc wizard hits you with a +0 dagger.
Unknown command.
Casting: Magic Dart (safe; 1% risk of failure)
Confirm with . or Enter, or press ? or * to list all spells.
Aiming: Magic Dart (safe; 1% risk of failure)
Press: ? - help, Shift-Dir - straight line, f/p - orc wizard
Aim: an orc wizard, wielding a +0 dagger and wearing a +0 robe (heavily wounded, 100% to hit)
The magic dart hits the orc wizard but does no damage.
The orc wizard is heavily wounded.
The orc wizard hits you with a +0 dagger.
You miss the orc wizard. You grab the orc wizard.
The orc wizard is heavily wounded.
You constrict the orc wizard. The orc wizard casts a spell at you.
You are confused.
You release your grip on the orc wizard.
The orc wizard attacks as you move away!
The orc wizard hits you but does no damage.
The orc wizard mumbles some strange words.
The orc wizard flickers and vanishes!
Deactivating autopickup; reactivate with Ctrl-A.
Magic courses through your body. Something barely misses you.
You miss something. You miss the orc. Something hits you.
The orc hits you with a +0 mace!
You bump into the stone wall.
You feel less confused. The orc hits you with a +0 mace. Something hits you.
You miss something. You squeeze something! Something hits you.
* * * LOW HITPOINT WARNING * * *
The orc hits you with a +0 mace.
* * * LOW HITPOINT WARNING * * *
Okay, then.
It was a potion of haste.
You feel yourself speed up. Something hits you.
* * * LOW HITPOINT WARNING * * *
The orc hits you with a +0 mace!
You die...

#.......# ##...
####.#### ##+# #.#
#.# ##.# ######.#
#####..######......#
#...............#...
#.....#####.........
#..⌠.## #.⌠......
#.{@## #....#.#
#.o## ##...... #.##
##..#.# #)# #..#.#
#.# +)##.# ##.#
#.##.# #..## ##)##.#
#...## ##).....
#....## ##...##.#


You could see an orc.

Vanquished Creatures
  An orc priest (D:3)
  An orc wizard (D:3)
  Robin (D:3)
  3 dart slugs
  3 orcs (D:3)
  5 endoplasms
  A giant cockroach (D:2)
  11 goblins
  5 hobgoblins
  4 quokkas
  4 ball pythons (D:1)
  6 bats
  A frilled lizard (D:2)
  5 kobolds
  5 rats
56 creatures vanquished.

Notes
Turn   | Place    | Note
-------+----------+-------------------------------------------
     0 | D:1      | raistware the Octopode Conjurer began the quest for the
                  | Orb.
     0 | D:1      | Reached XP level 1. HP: 11/11 MP: 3/3
   276 | D:1      | Reached XP level 2. HP: 17/17 MP: 1/5
   888 | D:2      | Noticed Terence
  1161 | D:2      | Found a faded altar of an unknown god.
  1188 | D:2      | Reached XP level 3. HP: 21/21 MP: 4/7
  1923 | D:2      | Found a sacrificial altar of Ru.
  2374 | D:3      | Reached XP level 4. HP: 25/27 MP: 3/10
  2587 | D:3      | Noticed Robin
  2878 | D:3      | Killed Robin
  2879 | D:3      | Reached XP level 5. HP: 25/31 MP: 2/11
  2899 | D:3      | HP: 1/31 [something (3)]
  2899 | D:3      | Mangled by an orc

Illustrated notes

Levels and vault maps discovered:
D:1:      tarquinn_simple_flora_water_e, layout_loops_cross
D:2:      layout_loops_ring, basic_altar,
          chequers_ecumenical_altar_simple_redux, st_stairs_6,
          minmay_tree_intersection, uniq_terence
D:3:      layout_loops_corners, nicolae_overflow_ecumenical_swirl,
          minmay_misc_feat_iff, uniq_robin

Skill      XL: |  1  2  3 |
---------------+----------+-----
Spellcasting   | 3 4 |  4.3
Stealth        | 3 |  3.0
Dodging        | |  2.0
Conjurations   | |  4.4

Action                   |  1- 3 |  4- 6 || total
-------------------------+-------+-------++-------
Melee: Unarmed           |     9 |    28 ||    37
       Tentacles         |     1 |     9 ||    10
       Constrict         |     1 |     6 ||     7
       Punch             |     1 |       ||     1
Throw: Javelin           |       |     3 ||     3
 Cast: Magic Dart        |    77 |    33 ||   110
  Use: Potion            |       |     3 ||     3
Armor: Skin              |       |     2 ||     2
Dodge: Dodged            |    10 |    26 ||    36
